AoeStats
← 河北彩花

Arena

509048798Analyzed
4v4 RM · 7d ago on Sep 25, 2026· 48m 32s· 8 players
Game mode
Random Map
Map size
Large (8 player)
Population
200
Speed
Normal
Resources
Standard
Victory
Conquest
Starting age
Dark Age
Ending age
Imperial Age
RankedLock teamsTeams togetherTeam positionsShared explorationLock speedFull tech treeHidden civsTurbo modeCheats
Victory
Defeat
🇹🇼 Poles · Taiwan
1228
+15
🇩🇰 Vikings · Denmark
1213
+16
🇨🇳 Varangians · China
1211
+16
🇨🇳 Italians · China
1193
+17
🇨🇳 Spanish · China
1284
-19
🇷🇺 Bohemians · Russia
1231
-17
🇲🇴 Saxons · Macao SAR China
1185
-15
🇲🇽 Britons · Mexico
1134
-13
Pallesen
1:56 Loom
10:51 Feudal Age
11:37 Double-Bit Axe
14:15 Horse Collar
16:44 Castle Age
17:42 Bow Saw
22:28 Crossbowman
23:31 Fletching
27:17 Bodkin Arrow
30:51 Imperial Age
29:46 Heavy Plow
31:49 Gold Mining
33:14 Gold Shaft Mining
32:52 Arbalester
33:36 Bracer
35:07 Chemistry
35:29 Padded Archer Armor
35:53 Ballistics
36:51 Leather Archer Armor
36:28 Elite Skirmisher
38:09 Ring Archer Armor
39:42 Conscription
43:13 Onager
43:50 Man-at-Arms
45:47 Scale Mail Armor
46:21 Elite Varangian Guard
47:18 Chain Mail Armor
48:59 Plate Mail Armor
TigerBitePig
10:27 Feudal Age
14:44 Castle Age
13:01 Double-Bit Axe
13:16 Horse Collar
19:11 Heavy Plow
21:58 Fletching
21:59 Loom
25:35 Bodkin Arrow
27:54 Wheelbarrow
28:17 Gold Mining
32:09 Imperial Age
33:33 Bracer
33:33 Padded Archer Armor
34:14 Hand Cart
35:16 Leather Archer Armor
34:56 Town Watch
35:34 Elite Skirmisher
38:41 Chemistry
38:02 Ballistics
40:15 Treadmill Crane
45:42 Crop Rotation
45:47 Town Patrol
46:28 Capped Ram
47:41 Conscription
48:20 Siege Ram
丧心病狂
10:24 Feudal Age
11:36 Double-Bit Axe
11:41 Loom
14:31 Castle Age
12:29 Horse Collar
15:50 Bow Saw
19:28 Heavy Plow
21:48 Wheelbarrow
22:08 Scale Mail Armor
24:26 Hand Cart
25:58 Gold Mining
29:09 Imperial Age
27:21 Forging
27:17 Scale Barding Armor
28:24 Chain Mail Armor
28:45 Iron Casting
28:42 Stone Mining
28:53 Town Watch
29:13 Arson
29:29 Squires
29:14 Gambesons
30:51 Two-Man Saw
30:41 Elite Varangian Guard
32:06 Conscription
31:49 Gothikon
33:48 Conscription
34:26 Plate Mail Armor
35:03 Blast Furnace
connell
9:03 Feudal Age
14:37 Castle Age
13:02 Double-Bit Axe
12:58 Horse Collar
15:40 Bow Saw
16:42 Bow Saw
23:29 Wheelbarrow
22:58 Heavy Plow
22:51 Treadmill Crane
28:52 Imperial Age
26:08 Loom
27:11 Hand Cart
27:15 Fletching
27:25 Padded Archer Armor
28:17 Bodkin Arrow
28:50 Gold Mining
29:28 Ballistics
29:04 Murder Holes
29:28 Leather Archer Armor
29:06 Stone Mining
30:46 Chemistry
29:50 Bracer
30:49 Stone Shaft Mining
31:14 Ring Archer Armor
30:42 Murder Holes
31:44 Thumb Ring
33:35 Two-Man Saw
33:54 Conscription
33:36 Elite Genoese Crossbowman
36:29 Forging
36:19 Scale Mail Armor
36:28 Squires
38:06 Iron Casting
38:50 Chain Mail Armor
39:27 Arson
RiesgoKai
13:49 Feudal Age
14:40 Double-Bit Axe
14:47 Gold Mining
14:47 Stone Mining
14:39 Horse Collar
20:34 Castle Age
21:35 Bow Saw
21:26 Heavy Plow
22:03 Gold Shaft Mining
23:22 Fletching
23:33 Padded Archer Armor
25:21 Wheelbarrow
25:15 Treadmill Crane
28:22 Hand Cart
29:11 Ballistics
29:02 Masonry
28:55 Town Watch
29:44 Yeomen
29:35 Bodkin Arrow
29:55 Leather Archer Armor
33:19 Imperial Age
30:28 Pikeman
32:02 Town Patrol
33:23 Elite Longbowman
35:09 Chemistry
34:28 Bracer
34:58 Ring Archer Armor
42:13 Heavy Scorpion
47:23 Two-Man Saw
impossible
10:29 Feudal Age
14:08 Castle Age
12:02 Double-Bit Axe
16:13 Bow Saw
21:06 Wheelbarrow
20:23 Town Watch
23:28 Loom
24:04 Hand Cart
25:42 Fletching
26:10 Horse Collar
26:27 Bodkin Arrow
26:57 Ballistics
29:12 Imperial Age
28:29 Chemistry
27:45 Masonry
30:14 Bracer
31:40 Two-Man Saw
32:19 Padded Archer Armor
34:26 Leather Archer Armor
35:27 Architecture
35:02 Siege Engineers
37:27 Conscription
38:26 Elite Skirmisher
41:28 Murder Holes
河北彩花
0:51 Loom
9:24 Feudal Age
14:21 Castle Age
12:27 Double-Bit Axe
12:58 Stone Mining
17:31 Horse Collar
22:14 Bow Saw
22:10 Arson
25:22 Wheelbarrow
28:56 Wheelbarrow
30:12 Hand Cart
32:36 Heavy Plow
37:06 Imperial Age
34:24 Town Watch
34:51 Scale Mail Armor
35:47 Gambesons
37:21 Chain Mail Armor
37:22 Gambesons
38:35 Conscription
38:58 Plate Mail Armor
38:38 Shield Wall
39:22 Gold Mining
39:07 Pikeman
39:48 Squires
39:30 Elite Hearth Troop
41:11 Forging
41:48 Gold Shaft Mining
42:44 Iron Casting
42:37 Fletching
42:59 Elite Varangian Guard
46:28 Bodkin Arrow
_OMO_
10:14 Feudal Age
14:11 Castle Age
13:06 Stone Mining
13:12 Double-Bit Axe
13:29 Loom
13:46 Horse Collar
15:29 Bow Saw
19:25 Padded Archer Armor
26:32 Wheelbarrow
26:59 Fletching
34:18 Imperial Age
31:57 Gold Mining
33:00 Bodkin Arrow
34:59 Hand Cart
35:13 Bloodlines
34:24 Cavalier
35:20 Heavy Plow
36:22 Bloodlines
38:10 Husbandry
38:17 Scale Barding Armor
38:24 Forging
39:26 Chain Barding Armor
40:01 Paladin
41:23 Iron Casting
41:26 Plate Barding Armor
41:46 Conscription
41:56 Man-at-Arms
42:41 Scale Mail Armor
43:42 Blast Furnace
42:56 Squires
43:17 Gambesons
42:56 Long Swordsman
43:26 Arson
43:18 Light Cavalry
43:29 Two-Handed Swordsman
45:22 Two-Man Saw
44:52 Chain Mail Armor
45:43 Chemistry
45:04 Ballistics
44:13 Champion
46:23 Plate Mail Armor
46:06 Guilds
Connection lost

Rejoining the realm…

Still unreachable

The connection could not be restored.

Session expired

The server has moved on; the page needs a fresh start.